 Dungeon Crawl Stone Soup version 0.16-a0-286-g6bac339 (webtiles) character file.

60 Kashira the Grasshopper (level 4, 0/40 HPs)
             Began as a Naga Warper on Aug 28, 2014.
             Slain by a hobgoblin
             ... wielding a +0 club
              (3 damage)
             ... on Level 2 of the Dungeon.
             The game lasted 00:10:46 (1716 turns).

Kashira the Grasshopper (Naga Warper)               Turns: 1716, Time: 00:10:46

HP   0/40        AC  3     Str 14      XL: 4   Next:  6%
MP   1/8         EV  9     Int 13      God:
Gold 59          SH  0     Dex 11      Spells:  2 memorised,  4 levels left

rFire  . . .     SeeInvis +     a - +0 falchion
rCold  . . .     Clarity  .     b - +0 leather armour
rNeg   . . .     rCorr    .     (no shield)
rPois  +         rRot     .     (no helmet)
rElec  .         Spirit   .     (no cloak)
SustAb .         Warding  .     (no gloves)
rMut   .         Stasis   .     (no barding)
Gourm  .                        (no amulet)
MR     .....                    (no ring)
                                (no ring)

@: about to teleport, short of breath, very slow, not resistant to hostile
enchantments, very unstealthy
A: spit poison, see invisible, deformed body, poison resistance, slowness 2, AC
+1
a: Spit Poison


You were on level 2 of the Dungeon.
You were not hungry.

You visited 1 branch of the dungeon, and saw 2 of its levels.

You collected 59 gold pieces.

Inventory:

Hand weapons
 a - a +0 falchion (weapon)
Missiles
 e - a tomahawk of dispersal (quivered)
 h - 21 stones
Armour
 b - a +0 leather armour (worn)
 i - a +0 ring mail
Comestibles
 f - a bread ration
 g - a beef jerky
 n - a rotting chunk of worm flesh
Scrolls
 d - a scroll of remove curse {unknown}
 j - a scroll of random uselessness {unknown}
 k - a scroll of teleportation
 l - a scroll of fear {unknown}
 p - a scroll of noise {unknown}
Potions
 m - a potion of might {unknown}
 o - 3 potions of curing {unknown}
Books
 c - a book of Spatial Translocations

   Spells                             Type                      Level
   *Apportation                       Translocation                1
   *Blink                             Translocation                2
   Shroud of Golubria                 Charms/Translocation         2
   Portal Projectile                  Translocation                3
   Teleport Other                     Translocation                3
   Passage of Golubria                Translocation                4


   Skills:
 + Level 2.4 Fighting
 + Level 2.2 Long Blades
 + Level 1.0 Throwing
 + Level 1.7 Armour
 + Level 1.8 Dodging
 + Level 0.4 Stealth
 + Level 2.3 Spellcasting
 + Level 3.2 Translocations


You had 4 spell levels left.
You knew the following spells:

 Your Spells              Type           Power        Failure   Level  Hunger
a - Apportation           Tloc           ##........   10%         1    #......
b - Blink                 Tloc           N/A          12%         2    ###....


Dungeon Overview and Level Annotations

Branches:
Dungeon (2/15)

Altars:

Annotations:
D:2 Terence


Innate Abilities, Weirdness & Mutations

You cannot wear boots.
You can spit poison.
Your serpentine skin is tough (AC +1).
You have supernaturally acute eyesight.
Armour fits poorly on your strangely shaped body.
Your system is resistant to poisons.
You cover ground very slowly.


Message History

The giant cockroach closely misses you. The kobold closely misses you.
The giant cockroach bites you but does no damage.
Read which item? (? for menu, Esc to quit)
As you read the scroll labeled JUNLOA RICOGE, it crumbles to dust.
You feel strangely unstable.
It was a scroll of teleportation.
The kobold barely misses you.
The hobgoblin hits you but does no damage.
The giant cockroach barely misses you.
Casting: Blink
Confirm with . or Enter, or press ? or * to list all spells.
You don't have enough magic to cast that spell.
Use which ability? (? or * to list)
Press: ? - help, Shift-Dir - straight line, f - kobold
Aim: a kobold The splash of poison hits the kobold.
You kill the kobold!
You feel slightly more hungry.
The giant cockroach bites you but does no damage.
The hobgoblin hits you with a club.
You die...

# .. #. #.
.#####. ..$..#.
#..... #...##
###########
#.<#
#.@..$....#
#..#
#gs.......#
#..#
#.........#
#.h#
#.........# #
#S.#
#.........#.##
..h#
#.............
..).h
#..........)$..
.....
#.......)...$..
#.....
#.........###..


You could see a giant cockroach and a hobgoblin.

Vanquished Creatures
  An adder (D:2)
  A worm (D:2)
  A giant gecko (D:1)
  4 bats (D:1)
  4 giant cockroaches
  6 hobgoblins (D:1)
  3 jackals (D:1)
  2 giant newts (D:1)
  6 goblins (D:1)
  6 kobolds
  A quokka (D:1)
  8 rats (D:1)
43 creatures vanquished.

Notes
Turn   | Place    | Note
--------------------------------------------------------------
     0 | D:1      | Kashira, the Naga Warper, began the quest for the Orb.
     0 | D:1      | Reached XP level 1. HP: 19/19 MP: 3/3
   393 | D:1      | Reached skill level 1 in Throwing
   393 | D:1      | Reached XP level 2. HP: 2/26 MP: 4/4
   394 | D:1      | HP: 1/26 [jackal (1)]
   413 | D:1      | Learned a level 2 spell: Blink
   587 | D:1      | Reached skill level 1 in Armour
   924 | D:1      | Reached XP level 3. HP: 24/32 MP: 6/6
  1445 | D:2      | Noticed Terence
  1714 | D:2      | Reached XP level 4. HP: 2/40 MP: 0/8
  1716 | D:2      | Slain by a hobgoblin

Action                   |  1- 3 |  4- 6 || total
-------------------------+-------+-------++-------
Melee: Falchion          |   113 |       ||   113
Throw: Tomahawk          |     4 |       ||     4
 Cast: Blink             |     7 |       ||     7
 Abil: Spit Poison       |    33 |     1 ||    34
  Use: Scroll            |     1 |     1 ||     2
  Eat: Chunk             |     5 |       ||     5
